 Dungeon Crawl Stone Soup version 0.22.1-6-g1668fe2c40 (webtiles) character file.

133710 marihumana the Lord of Darkness (level 16, -1/146 HPs)
             Began as a Demonspawn Necromancer on Jan 22, 2019.
             Was the Champion of Kikubaaqudgha.
             Slain by a nagaraja
             ... wielding a +2 flail of holy wrath
              (5 damage)
             ... on level 4 of the Snake Pit on Jan 23, 2019.
             The game lasted 04:24:48 (26909 turns).

marihumana the Lord of Darkness (DsNe)             Turns: 26909, Time: 04:25:00

Health: -1/146     AC: 26    Str:  9    XL:     16   Next: 30%
Magic:  23/32      EV: 16    Int: 23    God:    Kikubaaqudgha [******]
Gold:   1713       SH: 15    Dex: 23    Spells: 4/40 levels left

rFire    . . .     SeeInvis .   u - +9 flail (protect)
rCold    + . .     Gourm    .   O - +3 buckler
rNeg     . . .     Faith    .   W - +3 leather armour of Makhleb's Regard {Dex+4}
rPois    +         Spirit   .   w - +2 hat
rElec    .         Reflect  +   Q - +1 cloak
rCorr    .         Harm     .   f - +2 pair of gloves
MR       +....                  P - +0 pair of boots
Stlth    ++........             A - +5 amulet of reflection
HPRegen  0.34/turn              j - ring of poison resistance
MPRegen  0.23/turn              J - +5 ring of dexterity

@: lethally poisoned (-1 -> -8), death channel, sanguine armour, slowed,
constricted, very slow
A: horns 2, cold resistance 1, demonic guardian 2, powered by death 2, robust 2,
MP-powered wands, sanguine armour 3
}: 1/15 runes: decaying
a: Receive Corpses, Torment, Renounce Religion


You were on level 4 of the Snake Pit.
You worshipped Kikubaaqudgha.
Kikubaaqudgha was exalted by your worship.
You were very hungry.

You visited 6 branches of the dungeon, and saw 27 of its levels.
You also visited: Ice Cave.

You collected 3010 gold pieces.
You spent 1297 gold pieces at shops.

Inventory:

Hand Weapons
 u - a +9 flail of protection (weapon)
Missiles
 y - 2 throwing nets (quivered)
Armour
 f - a +2 pair of gloves (worn)
 o - +0 ice dragon scales
 w - a +2 hat (worn)
 N - a +0 shield
 O - a +3 buckler (worn)
 P - a +0 pair of boots (worn)
 Q - a +1 cloak (worn)
 W - the +3 leather armour of Makhleb's Regard (worn) {Dex+4}
   (You found it on level 4 of the Lair of Beasts)

   It affects your dexterity (+4).
Magical Staves
 U - an uncursed staff of wizardry
Jewellery
 j - a ring of poison resistance (left hand)
 k - an uncursed ring of protection from fire
 l - an uncursed ring of protection from fire
 q - an uncursed amulet of magic regeneration
 A - a +5 amulet of reflection (around neck)
 B - an uncursed ring of resist corrosion
 J - a +5 ring of dexterity (right hand)
 S - an uncursed ring of protection from magic
 T - a +5 ring of strength
Wands
 x - a wand of acid (25)
 D - a wand of digging (45)
 G - a wand of iceblast (9)
 I - a wand of enslavement (12)
 K - a wand of disintegration (23)
 M - a wand of paralysis (18)
 V - a wand of flame (79)
Scrolls
 b - 14 scrolls of remove curse
 e - 6 scrolls of identify
 g - 12 scrolls of teleportation
 m - 7 scrolls of fear
 t - 2 scrolls of magic mapping
 C - 7 scrolls of amnesia
 E - a scroll of enchant armour
 R - 4 scrolls of fog
Potions
 a - 6 potions of flight
 d - 2 potions of curing
 h - 5 potions of heal wounds
 i - 5 potions of brilliance
 n - a potion of mutation
 r - 3 potions of agility
 s - 2 potions of resistance
 z - 3 potions of haste
 F - 2 potions of magic
 H - a potion of invisibility
 L - a potion of might
Miscellaneous
 p - a lamp of fire
 v - a sack of spiders
 Z - a phial of floods
Comestibles
 c - 29 rations


   Skills:
 + Level 9.8 Fighting
 + Level 8.7 Maces & Flails
 + Level 9.0 Dodging
 - Level 2.1 Stealth
 + Level 7.8 Shields
 * Level 12.5 Spellcasting
 + Level 7.2 Conjurations
 - Level 7.0 Charms
 * Level 14.8 Necromancy
 * Level 6.1 Transmutations
 - Level 1.0 Earth Magic
 + Level 6.6 Evocations


You had 4 spell levels left.
You knew the following spells:

 Your Spells              Type           Power        Failure   Level  Hunger
a - Pain                  Necr           ####         0%          1    None
b - Excruciating Wounds   Chrm/Necr      ######....   1%          5    ###....
c - Vampiric Draining     Necr           ######....   1%          3    None
d - Animate Dead          Necr           N/A          1%          4    None
e - Regeneration          Chrm/Necr      ######....   1%          3    None
f - Sublimation of Blood  Necr           ######....   1%          2    None
g - Bolt of Draining      Conj/Necr      ######....   1%          5    ###....
h - Passwall              Tmut/Erth      ####....     2%          2    None
i - Death Channel         Necr           ######....   1%          6    #####..
j - Dispel Undead         Necr           ######..     1%          5    ###....

Your spell library contained the following spells:

 Spells                   Type           Power        Failure   Level  Hunger
 Animate Skeleton         Necr           N/A          0%          1    None
 Beastly Appendage        Tmut           #####.       1%          1    None
 Magic Dart               Conj           ####         1%          1    None
 Sting                    Conj/Pois      ####         1%          1    None
 Sticks to Snakes         Tmut           #####...     1%          2    None
 Shroud of Golubria       Chrm/Tloc      ####......   2%          2    None
 Conjure Flame            Conj/Fire      ####....     4%          3    None
 Ozocubu's Armour         Chrm/Ice       ####....     4%          3    None
 Spider Form              Tmut/Pois      ####......   5%          3    None
 Mephitic Cloud           Conj/Pois/Air  ####....     7%          3    None
 Ignite Poison            Fire/Tmut/Pois ###.....     8%          3    None
 Blink                    Tloc           N/A          10%         2    None
 Call Imp                 Summ           ##......     10%         2    None
 Poisonous Vapours        Pois/Air       ##....       10%         2    None
 Slow                     Hex            ##......     10%         2    None
 Ice Form                 Ice/Tmut       ####....     17%         4    None
 Gell's Gravitas          Tloc           ##........   19%         3    None
 Lesser Beckoning         Tloc           ##........   19%         3    None
 Teleport Other           Tloc           ##......     19%         3    None
 Olgreb's Toxic Radiance  Pois           ##......     52%         4    None
 Passage of Golubria      Tloc           N/A          52%         4    None
 Borgnjor's Vile Clutch   Necr/Erth      ######....   6%          5    ###....
 Iskenderun's Battlesphe  Conj/Chrm      #####...     10%         5    ###....
 Blade Hands              Tmut           #####.....   14%         5    ###....
 Fireball                 Conj/Fire      ####......   36%         5    ###....
 Venom Bolt               Conj/Pois      ####......   36%         5    ###....
 Borgnjor's Revivificati  Necr           ######....   65%         8    #######
 Infestation              Necr           ######....   65%         8    #######
 Bolt of Fire             Conj/Fire      ####......   91%         6    #####..
 Haunt                    Necr/Summ      #####.....   94%         7    ######.
 Freezing Cloud           Conj/Ice/Air   ####......   98%         6    #####..
 Death's Door             Chrm/Necr      ######....   99%         8    #######
 Necromutation            Tmut/Necr      ######....   99%         8    #######
 Ring of Flames           Chrm/Fire      ####......   100%        7    ######.
 Ignition                 Fire           ##........   100%        8    #######


Dungeon Overview and Level Annotations

Branches:
Dungeon (10/15)            Temple (1/1) D:5            Lair (6/6) D:8
  Swamp (4/4) Lair:2        Snake (4/4) Lair:2        Slime (0/5) Lair:5
    Orc (2/2) D:10            Elf (0/3) Orc:2

Altars:
Ashenzari
Cheibriados
Dithmenos
Elyvilon
Fedhas
Gozag
Hepliaklqana
Kikubaaqudgha
Makhleb
Nemelex Xobeh
Okawaru
Qazlal
Ru
Sif Muna
Trog
Uskayaw
Vehumet
Wu Jian
Xom
Yredelemnul
Zin
The Shining One
Beogh
Jiyva

Shops:
D:7 :%:??   Orc:1 (%%   Orc:2 *!?:   Snake:1 (   Snake:2 !

Annotations:
Lair:4 3 runed doors, Ryaria's ghost, journeyman HaHu


Innate Abilities, Weirdness & Mutations

You have a pair of horns on your head.
Your flesh is cold resistant. (rC+)
A demonic guardian rushes to your aid.
You regenerate health from kills.
When seriously injured, your bleeding wounds create very thick armour. (AC +12)
You are very robust. (+20% HP)
You expend magic power (3 MP) to strengthen your wands.


Message History

You resist.
* * * LOW HITPOINT WARNING * * *
The bolt of poison hits your naga sharpshooter zombie.
Your naga sharpshooter zombie completely resists.
The nagaraja constricts you.
The naga spits poison at your nagaraja zombie.
The splash of poison hits your orange demon.
Your orange demon barely misses the nagaraja.
Your orange demon misses the nagaraja.
The nagaraja hits you but does no damage.
The nagaraja constricts you.
You feel much better.
Your skin stops crawling.
You feel very sick.
The nagaraja hits you with a flail of holy wrath!!
* * * LOW HITPOINT WARNING * * *
You convulse.
* * * LOW HITPOINT WARNING * * *
You die...
Kikubaaqudgha rasps: "You have failed me!
Welcome... death!" .###.##ZZ.Z## ≈.≈≈≈≈≈≈.# #...####Z#.# ...≈≈≈≈. #####.##(..## ≈≈..... ......#.#.#.# NN≈≈N ...ZZ.##...## NNSN# .....Z##...### #SSN#

....##.##.ZZ.## #SS#
....##Z.##ZZZZ###NN#
....##Z..####ZZZ@4##
....##.....###ZZZ##
...###Z.....######
.....#......#
............#
.....)......#
............#
............#
............#


You could see a naga warrior, 2 nagarajas, 4 sea snakes, a guardian serpent, 4
nagas, a friendly orange demon, a friendly spectral naga, 2 friendly spectral
naga magi, a friendly spectral nagaraja, 2 friendly spectral naga sharpshooters,
a friendly anaconda zombie, a friendly sea snake zombie, a friendly naga zombie,
a friendly naga mage zombie, a friendly nagaraja zombie and a friendly naga
sharpshooter zombie.

Vanquished Creatures
  A nagaraja (Snake:4)
  A frost giant (IceCv)
  7 naga warriors
  3 anacondas
  2 alligators
  3 death yaks
  2 naga sharpshooters
  8 orc high priests (Orc:2)
  3 shock serpents
  A swamp dragon (Swamp:4)
  2 naga ritualists
  2 phantasmal warriors (Swamp:4)
  A mana viper (Snake:3)
  4 salamanders
  2 orc sorcerers
  An elephant (Lair:2)
  A cyclops (Orc:1)
  7 black mambas
  An ice statue (IceCv)
  2 guardian serpents (Snake:4)
  4 naga magi
  A torpor snail (Lair:6)
  A rime drake (Lair:2)
  5 spiny frogs
  2 ice devils (Orc:1)
  4 komodo dragons
  2 hydra zombies (Swamp:4)
  19 polar bears
  5 tyrant leeches
  3 slime creatures
  4 hornets
  2 bog bodies
  2 blink frogs
  5 hippogriffs
  4 dream sheep
  11 spriggans (Lair:6)
  20 yaks
  4 wyverns
  Eustachio (D:6)
  14 vampire mosquitoes
  Edmund (D:4)
  3 swamp worms
  6 insubstantial wisps
  18 nagas
  4 wargs (Orc:2)
  9 water moccasins
  7 porcupines
  2 swamp drakes
  An ice beast (D:9)
  6 black bears
  2 sky beasts (D:9)
  15 orc warriors
  2 phantoms (Swamp:4)
  A slave (D:7)
  7 ogres
  5 boggarts (Lair:6)
  37 wolves
  4 centaurs
  16 crocodiles
  A big kobold (D:9)
  Blork the orc (D:6)
  9 bullfrogs
  2 scorpions
  3 howler monkeys
  9 wights
  4 electric eels (D:10)
  A centaur zombie (D:7)
  4 crimson imps
  A bullfrog zombie (D:8)
  6 hounds
  11 jellies
  3 centaur skeletons
  26 orc priests
  A gnoll shaman (D:8)
  13 orc wizards
  Jessica (D:2)
  Crazy Yiuf (D:5)
  Terence (D:2)
  Ijyb (D:5)
  3 iguanas
  7 worker ants
  A killer bee zombie (D:9)
  A hound skeleton (D:10)
  A howler monkey zombie (D:7)
  17 gnolls
  7 adders
  A swamp drake zombie (Swamp:4)
  12 oozes
  3 worms
  An adder skeleton (D:6)
  A dart slug (D:5)
  3 leopard geckos
  88 orcs
  A giant cockroach (D:6)
  2 gnoll zombies (D:7)
  12 hobgoblins
  19 jackals
  15 kobolds
  4 quokkas
  A ball python (D:3)
  5 bats
  2 frilled lizards
  20 goblins
  3 rats
  A fungus (Lair:5)
643 creatures vanquished.

Vanquished Creatures (collateral kills)
  A bone dragon (Swamp:4)
  Rupert (Lair:3)
  A tentacled monstrosity (Swamp:1)
  Frances (Swamp:2)
  An azure jelly (Lair:5)
  2 nagarajas (Snake:4)
  An ice dragon (Lair:4)
  6 naga warriors
  6 hydras
  4 ghost crabs
  10 anacondas
  4 alligators
  3 orc high priests (Orc:2)
  7 naga sharpshooters
  6 shock serpents
  A spriggan druid (Swamp:2)
  A salamander mystic (Snake:3)
  3 sea snakes (Snake:4)
  5 swamp dragons
  A death drake (Swamp:4)
  3 naga ritualists
  2 spectral hydras (Swamp:4)
  2 orc knights (Orc:2)
  2 shambling mangroves
  Pikel (D:7)
  3 mana vipers (Snake:4)
  4 oklob plants (Lair:4)
  5 salamanders
  23 black mambas
  9 naga magi
  A centaur zombie (D:10)
  4 guardian serpents
  A torpor snail (Lair:6)
  8 spiny frogs
  A gargoyle (D:10)
  4 komodo dragons
  5 swamp worm zombies (Swamp:4)
  10 tyrant leeches
  3 hydra zombies (Swamp:4)
  4 polar bears
  10 slime creatures
  2 hornets (Swamp:3)
  7 blink frogs
  4 dream sheep
  A hippogriff (D:9)
  9 bog bodies
  5 spectral swamp dragons (Swamp:4)
  An alligator zombie (Swamp:4)
  Grinder (D:5)
  A vampire (D:10)
  2 shadows
  4 spriggans
  19 yaks
  2 basilisks (Lair:6)
  A hungry ghost (D:7)
  6 swamp worms
  12 vampire mosquitoes
  26 nagas
  A warg (Orc:2)
  9 insubstantial wisps
  A porcupine (Lair:1)
  A water moccasin (Lair:6)
  2 swamp drakes
  4 orc warriors (Orc:2)
  2 slaves (D:7)
  5 phantoms (Swamp:4)
  3 ogres
  2 swamp dragon zombies (Swamp:4)
  An ice beast (D:5)
  A necrophage (D:8)
  5 wolves
  A centaur (D:6)
  2 crocodiles
  3 bullfrogs
  5 wights (D:6)
  A crimson imp (D:7)
  A jelly (Lair:3)
  A bullfrog skeleton (D:5)
  9 orc priests
  3 orc wizards
  2 worker ants (D:7)
  A hound skeleton (D:5)
  Robin (D:3)
  2 gnolls
  An adder (D:4)
  3 white imps (Lair:4)
  2 oozes (Lair:3)
  An adder skeleton (D:4)
  21 orcs
  A giant cockroach (D:4)
  A goblin (D:3)
  2 hobgoblins
  A jackal (D:3)
  2 fungi (Lair:5)
  2 plants
379 creatures vanquished.

Vanquished Creatures (others)
  A naga sharpshooter (Snake:4)
  A sea snake (Snake:4)
  A vampire mosquito (Swamp:1)
  2 insubstantial wisps (Swamp:4)
  17 fungi
  11 plants
33 creatures vanquished.

Grand Total: 1055 creatures vanquished

Notes
Turn   | Place    | Note
-------+----------+-------------------------------------------
     0 | D:1      | marihumana the Demonspawn Necromancer began the quest for
                  | the Orb.
     0 | D:1      | Reached XP level 1. HP: 13/13 MP: 3/3
   517 | D:1      | Learned a level 1 spell: Animate Skeleton
   554 | D:1      | Gained mutation: When seriously injured, your bleeding
                  | wounds create armour. (AC +12) [demonic ancestry]
   554 | D:1      | Reached XP level 2. HP: 17/20 MP: 0/5
   837 | D:2      | Gained mutation: A weak demonic guardian rushes to your
                  | aid. [demonic ancestry]
   837 | D:2      | Reached XP level 3. HP: 15/25 MP: 0/6
   949 | D:2      | Reached skill level 1 in Fighting
  1091 | D:2      | Noticed Jessica
  1095 | D:2      | Killed Jessica
  1095 | D:2      | Reached skill level 5 in Necromancy
  1095 | D:2      | Reached XP level 4. HP: 25/32 MP: 3/8
  1116 | D:2      | Learned a level 3 spell: Vampiric Draining
  1201 | D:2      | Noticed Terence
  1208 | D:2      | Killed Terence
  1892 | D:3      | Gained mutation: You regenerate a little health from kills.
                  | [demonic ancestry]
  1892 | D:3      | Reached XP level 5. HP: 34/37 MP: 4/9
  2024 | D:3      | Noticed Robin
  2034 | D:3      | Killed Robin
  2049 | D:3      | Learned a level 4 spell: Animate Dead
  2912 | D:4      | Noticed an ogre
  2918 | D:4      | Killed an ogre
  2918 | D:4      | Gained mutation: You regenerate health from kills. [demonic
                  | ancestry]
  2918 | D:4      | Reached XP level 6. HP: 37/44 MP: 11/11
  2925 | D:4      | Got a slimy plate armour
  2936 | D:4      | Identified the +9 plate armour "Coga" {rN+ MR++} (You found
                  | it on level 4 of the Dungeon)
  2967 | D:4      | Reached skill level 6 in Necromancy
  3391 | D:4      | Noticed Edmund
  3399 | D:4      | Killed Edmund
  3399 | D:4      | Gained mutation: A demonic guardian rushes to your aid.
                  | [demonic ancestry]
  3399 | D:4      | Reached XP level 7. HP: 49/51 MP: 13/13
  3769 | D:4      | Learned a level 3 spell: Regeneration
  3849 | D:5      | Entered Level 5 of the Dungeon
  3849 | D:5      | Noticed Grinder
  3857 | D:5      | Killed Grinder
  3857 | D:5      | Reached skill level 1 in Maces & Flails
  3948 | D:5      | Noticed Ijyb
  3960 | D:5      | Killed Ijyb
  3960 | D:5      | Reached skill level 7 in Necromancy
  4177 | D:5      | Found a glowing silver altar of Zin.
  4193 | D:5      | Reached skill level 5 in Spellcasting
  4310 | D:5      | Found a staircase to the Ecumenical Temple.
  4316 | Temple   | Entered the Ecumenical Temple
  4555 | Temple   | Became a worshipper of Kikubaaqudgha
  4609 | D:5      | Found a runed door.
  4886 | D:5      | Noticed Crazy Yiuf
  4889 | D:5      | Killed Crazy Yiuf
  4889 | D:5      | Reached XP level 8. HP: 56/58 MP: 11/15
  5195 | D:6      | Noticed Eustachio
  5208 | D:6      | Killed Eustachio
  5515 | D:6      | Noticed Blork the orc
  5527 | D:6      | Killed Blork the orc
  6283 | D:7      | Found Yrisemm's Magic Scroll Shoppe.
  6295 | D:7      | Reached skill level 8 in Necromancy
  6374 | D:7      | Found Atip's Magic Scroll Shop.
  6384 | D:7      | Bought a scroll of enchant armour for 75 gold pieces
  6384 | D:7      | Bought a scroll of enchant weapon for 75 gold pieces
  6459 | D:7      | Reached * piety under Kikubaaqudgha
  6459 | D:7      | Identified Kikubaaqudgha's Volume of Unholy Secrets
                  | (Kikubaaqudgha gifted it to you on level 7 of the Dungeon)
  6459 | D:7      | Received a gift from Kikubaaqudgha
  6460 | D:7      | Found an iron altar of Okawaru.
  6468 | D:7      | Reached skill level 1 in Charms
  6472 | D:7      | Gained mutation: You have a pair of small horns on your
                  | head. [demonic ancestry]
  6472 | D:7      | Reached XP level 9. HP: 50/65 MP: 13/18
  6478 | D:7      | Learned a level 2 spell: Sublimation of Blood
  6510 | D:7      | Got a smoking chain mail
  6687 | D:7      | Noticed Pikel
  6695 | D:7      | Killed Pikel
  6754 | D:7      | Reached skill level 1 in Shields
  6779 | D:7      | Found Ovinuq's Food Shoppe.
  6779 | D:7      | Found Vuloj's Book Emporium.
  6802 | D:7      | Found Jeivathro's Book Emporium.
  7188 | D:7      | Found a basalt altar of Yredelemnul.
  7262 | D:7      | Bought a scroll of enchant armour for 90 gold pieces
  7262 | D:7      | Bought a scroll of enchant armour for 90 gold pieces
  7262 | D:7      | Bought a scroll of enchant armour for 90 gold pieces
  7313 | D:8      | Found a staircase to the Lair.
  7421 | D:8      | Reached ** piety under Kikubaaqudgha
  7421 | D:8      | Reached skill level 9 in Necromancy
  7548 | D:8      | Reached skill level 5 in Dodging
  7590 | D:8      | Reached skill level 5 in Fighting
  7687 | D:8      | Found a bloodstained altar of Trog.
  7748 | D:8      | Gained mutation: When seriously injured, your bleeding
                  | wounds create thick armour. (AC +12) [demonic ancestry]
  7748 | D:8      | Reached XP level 10. HP: 45/74 MP: 20/20
  8174 | D:9      | Found a burning altar of Makhleb.
  8174 | D:9      | Noticed a green death
  8205 | D:9      | Found a sparkling altar of Nemelex Xobeh.
  8205 | D:9      | Found a shattered altar of Ashenzari.
  8210 | D:9      | Found a radiant altar of Vehumet.
  8212 | D:9      | Found a glowing golden altar of the Shining One.
  8223 | D:9      | Found a blossoming altar of Fedhas.
  8694 | D:10     | Entered Level 10 of the Dungeon
  8911 | D:10     | Reached *** piety under Kikubaaqudgha
  8911 | D:10     | Identified Kikubaaqudgha's Collected Works on Evil Arts
                  | (Kikubaaqudgha gifted it to you on level 10 of the Dungeon)
  8911 | D:10     | Received a gift from Kikubaaqudgha
  8912 | D:10     | Found a staircase to the Orcish Mines.
  8921 | D:10     | Learned a level 5 spell: Bolt of Draining
  9093 | D:10     | Noticed a gargoyle
  9105 | D:10     | Killed a gargoyle
  9105 | D:10     | Reached skill level 10 in Necromancy
  9408 | D:10     | Gained mutation: You tend to lose your temper in combat.
                  | [potion of mutation]
  9408 | D:10     | Gained mutation: You have supernaturally acute eyesight.
                  | (SInv) [potion of mutation]
  9408 | D:10     | Gained mutation: You have sharp fingernails. [potion of
                  | mutation]
  9469 | D:10     | Reached **** piety under Kikubaaqudgha
  9893 | D:7      | Bought a scroll of enchant weapon for 90 gold pieces
  9893 | D:7      | Bought a scroll of enchant weapon for 90 gold pieces
 10353 | Lair:1   | Entered Level 1 of the Lair of Beasts
 10353 | Lair:1   | Noticed a spiny frog
 10353 | Lair:1   | Noticed a spiny frog
 10360 | Lair:1   | Killed a spiny frog
 10362 | Lair:1   | Killed a spiny frog
 10540 | Lair:1   | Reached XP level 11. HP: 70/81 MP: 23/23
 11510 | Lair:2   | Reached skill level 5 in Maces & Flails
 11603 | Lair:2   | Found a staircase to the Snake Pit.
 11798 | Lair:2   | Found a staircase to the Swamp.
 11970 | Lair:2   | Reached skill level 11 in Necromancy
 12305 | Lair:3   | Reached ***** piety under Kikubaaqudgha
 12339 | Lair:3   | Learned a level 5 spell: Dispel Undead
 12393 | Lair:3   | Reached skill level 1 in Evocations
 12443 | Lair:3   | Noticed Rupert
 12460 | Lair:3   | Killed Rupert
 12460 | Lair:3   | Reached skill level 1 in Conjurations
 12686 | Lair:3   | Identified the Papyrus of the Rocks and Protection
 13058 | Lair:4   | Reached XP level 12. HP: 89/89 MP: 25/25
 13287 | Lair:4   | Found a runed gate.
 13288 | Lair:4   | Noticed a death ooze
 13291 | Lair:4   | Found a runed gate.
 13536 | Lair:4   | Reached skill level 5 in Charms
 13577 | Lair:4   | Got a fine leather armour
 13604 | Lair:4   | Identified the +3 leather armour of Makhleb's Regard
                  | {Dex+4} (You found it on level 4 of the Lair of Beasts)
 13895 | Lair:4   | Noticed an ice dragon
 13912 | Lair:4   | Killed an ice dragon
 14028 | Lair:4   | Found a runed gate.
 14028 | Lair:4   | Found a viscous altar of Jiyva.
 14028 | Lair:4   | Noticed Ryaria's ghost (journeyman HaHu)
 14286 | Lair:5   | Reached skill level 5 in Shields
 14594 | Lair:5   | Found a runed door.
 14594 | Lair:5   | Found a viscous altar of Jiyva.
 14594 | Lair:5   | Noticed an azure jelly
 14595 | Lair:5   | Found a staircase to the Slime Pits.
 14901 | Lair:5   | Killed an azure jelly
 15243 | Lair:6   | Entered Level 6 of the Lair of Beasts
 15301 | Lair:6   | Reached skill level 12 in Necromancy
 15496 | Lair:6   | Learned a level 6 spell: Death Channel
 15556 | Lair:6   | Reached skill level 10 in Spellcasting
 15667 | Lair:6   | Paralysed by a hornet for 1 turns
 15745 | Lair:6   | Gained mutation: You have a pair of horns on your head.
                  | [demonic ancestry]
 15745 | Lair:6   | Reached XP level 13. HP: 54/96 MP: 27/27
 16911 | Orc:1    | Entered Level 1 of the Orcish Mines
 16911 | Orc:1    | Found Oreqiy's Weapon Boutique.
 16919 | Orc:1    | Found a roughly hewn altar of Beogh.
 17117 | Orc:1    | Found a frozen archway.
 17126 | IceCv    | Entered an ice cave
 17472 | IceCv    | Reached ****** piety under Kikubaaqudgha
 17661 | IceCv    | Reached skill level 13 in Necromancy
 17683 | IceCv    | Received a gift from Kikubaaqudgha
 17695 | IceCv    | Learned a level 5 spell: Excruciating Wounds
 17698 | IceCv    | Learned a level 2 spell: Passwall
 17732 | IceCv    | Noticed a frost giant
 17800 | IceCv    | Killed a frost giant
 18054 | Orc:1    | Found Wuzycir's Food Shoppe.
 18243 | Orc:2    | Entered Level 2 of the Orcish Mines
 18489 | Orc:2    | Reached skill level 1 in Transmutations
 18489 | Orc:2    | Gained mutation: When seriously injured, your bleeding
                  | wounds create very thick armour. (AC +12) [demonic
                  | ancestry]
 18489 | Orc:2    | Reached XP level 14. HP: 106/106 MP: 21/28
 18641 | Orc:2    | Found a roughly hewn altar of Beogh.
 18684 | Orc:2    | Found Miwipn's Distillery.
 18684 | Orc:2    | Found Woruc's Assorted Antiques.
 18724 | Orc:2    | Paralysed by an orc sorcerer for 4 turns
 18795 | Orc:2    | Bought a potion of mutation for 232 gold pieces
 18795 | Orc:2    | Lost mutation: You have sharp fingernails. [potion of
                  | mutation]
 18795 | Orc:2    | Lost mutation: You tend to lose your temper in combat.
                  | [potion of mutation]
 18795 | Orc:2    | Lost mutation: You have supernaturally acute eyesight.
                  | (SInv) [potion of mutation]
 18795 | Orc:2    | Gained mutation: You are robust. (+10% HP) [potion of
                  | mutation]
 18795 | Orc:2    | Gained mutation: You are very robust. (+20% HP) [potion of
                  | mutation]
 18795 | Orc:2    | Gained mutation: You expend magic power (3 MP) to
                  | strengthen your wands. [potion of mutation]
 18805 | Orc:2    | Bought a potion of haste for 130 gold pieces
 18805 | Orc:2    | Bought a potion of heal wounds for 65 gold pieces
 18846 | Orc:2    | Found Keiss's Magic Scroll Boutique.
 18858 | Orc:2    | Reached skill level 1 in Earth Magic
 18877 | Orc:2    | Reached skill level 5 in Conjurations
 18889 | Orc:2    | Found Focots's Book Emporium.
 19035 | Orc:2    | Found a staircase to the Elven Halls.
 19234 | Orc:1    | Found Uxzyrak's Food Boutique.
 19540 | Swamp:1  | Entered Level 1 of the Swamp
 19584 | Swamp:1  | Noticed a tentacled monstrosity
 19590 | Swamp:1  | Killed a tentacled monstrosity
 20198 | Swamp:2  | Noticed Frances
 20213 | Swamp:2  | Killed Frances
 20313 | Swamp:2  | Reached skill level 5 in Evocations
 21469 | Swamp:4  | Entered Level 4 of the Swamp
 21885 | Swamp:4  | Reached XP level 15. HP: 135/135 MP: 12/30
 22534 | Swamp:4  | Learned a level 5 spell: Dispel Undead
 22677 | Swamp:4  | Noticed a bone dragon
 22694 | Swamp:4  | Reached skill level 14 in Necromancy
 22719 | Swamp:4  | Killed a bone dragon
 22747 | Swamp:4  | Got a decaying rune of Zot
 22909 | Snake:1  | Entered Level 1 of the Snake Pit
 23463 | Snake:1  | Found Ytze Zick's Weapon Emporium.
 24104 | Snake:2  | Found Pycem's Distillery.
 24139 | Snake:2  | Bought a potion of haste for 180 gold pieces
 24139 | Snake:2  | Bought a potion of heal wounds for 90 gold pieces
 24700 | Snake:2  | Reached skill level 5 in Transmutations
 25993 | Snake:4  | Entered Level 4 of the Snake Pit
 26188 | Snake:4  | Gained mutation: Your flesh is cold resistant. (rC+)
                  | [demonic ancestry]
 26188 | Snake:4  | Reached XP level 16. HP: 135/144 MP: 22/32
 26907 | Snake:4  | HP: 4/146 [nagaraja/flail of holy wrath (4)]
 26909 | Snake:4  | Slain by a nagaraja

Skill      XL: |  1  2  3  4  5  6  7  8  9 10 11 12 13 14 15 16 |
---------------+-------------------------------------------------+-----
Dodging        | 2 3 4 5 6 7 8 9 |  9.0
Stealth        | 2 |  2.1
Fighting       | 1 2 3 4 5 6 7 8 9 |  9.8
Necromancy     | 5 6 7 8 9 10 11 12 13 14 | 14.8
Spellcasting   | 3 4 5 6 7 8 9 10 11 12 | 12.5
Maces & Flails | 1 2 3 4 5 6 7 8 |  8.7
Charms         | 1 2 3 4 5 6 7 |  7.0
Shields        | 2 3 4 5 6 7 |  7.8
Evocations     | 1 3 4 5 6 |  6.6
Conjurations   | 1 3 4 5 6 7 |  7.2
Transmutations | 1 3 5 6 |  6.1
Earth Magic    | 1 |  1.0

Action                   |  1- 3 |  4- 6 |  7- 9 | 10-12 | 13-15 | 16-18 || total
-------------------------+-------+-------+-------+-------+-------+-------++-------
Melee: Unarmed           |     2 |       |       |       |       |       ||     2
       Dagger            |       |   105 |       |       |       |       ||   105
       Flail             |       |    26 |   458 |  1062 |   918 |    40 ||  2504
       Headbutt          |       |       |    35 |   207 |   282 |    12 ||   536
Throw: Throwing net      |       |       |       |       |     1 |       ||     1
 Cast: Pain              |    31 |    90 |    27 |     8 |    28 |     1 ||   185
       Animate Skeleton  |     4 |    15 |     3 |       |       |       ||    22
       Vampiric Draining |       |     9 |    26 |    91 |   212 |    19 ||   357
       Animate Dead      |       |     3 |     1 |     7 |    37 |     7 ||    55
       Regeneration      |       |       |     5 |    35 |   132 |    14 ||   186
       Bolt of Draining  |       |       |       |     3 |    29 |    17 ||    49
       Sublimation of Bl |       |       |       |     1 |    73 |    17 ||    91
       Death Channel     |       |       |       |     1 |    68 |     8 ||    77
       Excruciating Woun |       |       |       |       |     2 |       ||     2
       Dispel Undead     |       |       |       |       |    13 |       ||    13
Invok: Receive Corpses   |       |       |       |     7 |    21 |     3 ||    31
       Receive Necronomi |       |       |       |       |     1 |       ||     1
Evoke: Lamp of fire      |       |       |       |     1 |     1 |       ||     2
       Wand              |       |       |       |       |    20 |       ||    20
  Use: Scroll            |       |       |    19 |    16 |    22 |     4 ||    61
       Potion            |       |       |     1 |     8 |    13 |     5 ||    27
 Stab: Sleeping          |     1 |     1 |     4 |    15 |     1 |       ||    22
       Distracted        |       |       |     1 |     3 |    34 |     3 ||    41
  Eat: Chunk             |     1 |     8 |    16 |    21 |    27 |     1 ||    74
       Ration            |       |       |     1 |     4 |    15 |     2 ||    22
Armor: Robe              |     4 |    22 |   174 |   168 |       |       ||   368
       Skin              |       |       |     1 |    16 |       |       ||    17
       Leather armour    |       |       |       |   100 |   363 |    37 ||   500
Dodge: Dodged            |     8 |   109 |   365 |   802 |   882 |    84 ||  2250
Block: Buckler           |       |       |    74 |   439 |   748 |   129 ||  1390
       Reflection        |       |       |       |       |    32 |    19 ||    51
